 Dungeon Crawl Stone Soup version 0.31.0-32-g396128a36d (webtiles) character file.

Game seed: 11518024706680102138

109 spaghetti the Grave Robber (level 4, -2/20 (21) HPs)
             Began as a Vine Stalker Necromancer on Mar 11, 2024.
             Slain by a quokka (4 damage)
             ... on level 4 of the Dungeon.
             The game lasted 00:04:00 (2810 turns).

spaghetti the Grave Robber (VSNe)                   Turns: 2810, Time: 00:04:01

HP:   -2/20 (21)    AC:  4    Str: 11    XL:     4   Next: 90%
MP:   0/9           EV: 12    Int: 17    God:
Gold: 244           SH:  0    Dex: 14    Spells: 4/9 levels left

rFire   . . .        m - +2 dagger (venom)
rCold   . . .        (no shield)
rNeg    . . .        k - +0 animal skin
rPois   .            l - +0 helmet
rElec   .            (no cloak)
rCorr   .            (no gloves)
SInv    .            d - +0 pair of boots
Will    .....        (no amulet)
Stlth   ++           (no ring)
HPRegen 1.03/turn    (no ring)
MPRegen 0.11/turn

%: guardian spirit
@: very slightly contaminated, lightly drained
A: fangs 2, regeneration 1, magic shield, antimagic bite, no potion heal 2
a: no special abilities


You were on level 4 of the Dungeon.
You visited 1 branch of the dungeon, and saw 4 of its levels.

You collected 244 gold pieces.

Inventory:

Hand Weapons
 b - a +1 mace of protection
 m - a +2 dagger of venom (weapon)
Armour
 a - a +0 robe
 d - a +0 pair of boots (worn)
 k - a +0 animal skin (worn)
 l - a +0 helmet (worn)
Jewellery
 i - a ring of fire
 n - a ring of fire
Scrolls
 c - 2 scrolls of amnesia {unknown}
 e - 2 scrolls of poison
 f - a scroll of teleportation {unknown}
 g - a scroll of torment {unknown}
 h - 2 scrolls of identify {unknown}
Potions
 j - a potion of ambrosia {unknown}


   Skills:
 - Level 1.5 Dodging
 - Level 2.4 Stealth
 + Level 3.1 Spellcasting
 + Level 5.6 Necromancy


You had 4 spell levels left.
You knew the following spells:

 Your Spells              Type           Power      Damage    Failure   Level
a - Necrotise             Necr           84%        1d8       1%          1
b - Animate Dead          Necr           21%        N/A       17%         4

Your spell library contained the following spells:

 Spells                   Type           Power      Damage    Failure   Level
 Vampiric Draining        Necr           21%        2d7       4%          3
 Sandblast                Erth           4%         2d4       17%         1
 Passwall                 Erth           2%         N/A       45%         3
 Stone Arrow              Conj/Erth      4%         3d7       45%         3
 Brom's Barrelling Bould  Conj/Erth      2%         2d3       86%         4
 Curse of Agony           Necr           21%        N/A       43%         5
 Haunt                    Necr/Summ      6%         N/A       100%        7
 Infestation              Necr           10%        N/A       100%        8


Dungeon Overview and Level Annotations

Branches:
Dungeon (4/15)
 Temple: D:4-7

Altars:
Vehumet

Annotations:
D:2 Sigmund


Innate Abilities, Weirdness & Mutations

You have extremely sharp teeth.
Your natural rate of healing is unusually fast.
When hurt, damage is shared between your health and your magic reserves.
Your bite disrupts and absorbs the magic of your enemies.
Potions cannot restore your health.


Message History

The kobold shouts!
You hear an angry hiss.
The black bear bites you but does no damage.
The black bear claws you.
The black bear claws you but does no damage.
Casting: Necrotise (safe; 1% risk of failure)
Confirm with . or Enter, or press ? or * to list all spells.
You don't have enough magic to cast this spell.
You barely miss the black bear. Your bite misses the black bear.
The black bear is heavily wounded.
The black bear barely misses you. The black bear claws you.
The black bear closely misses you.
You hit the black bear.
The black bear is poisoned.
You bite the black bear. You drain its power.
You feel invigorated.
The black bear is severely wounded.
The black bear bites you! The black bear claws you.
The black bear barely misses you.
Casting: Necrotise (safe; 1% risk of failure)
Confirm with . or Enter, or press ? or * to list all spells.
Aiming: Necrotise (safe; 1% risk of failure)
Press: ? - help, Shift-Dir - straight line, f/p - black bear
Aim: a black bear (severely wounded, very poisoned, chance to affect: 80%)
The black bear barely resists.
The black bear goes berserk!
You hit the black bear but do no damage.
Your bite misses the black bear.
The black bear is almost dead.
The quokka barely misses you.
The black bear bites you but does no damage.
The black bear barely misses you. x2
Casting: Necrotise (safe; 1% risk of failure)
Confirm with . or Enter, or press ? or * to list all spells.
Aiming: Necrotise (safe; 1% risk of failure)
Press: ? - help, Shift-Dir - straight line, f/p - black bear
Aim: a black bear (almost dead, berserk, very poisoned, chance to affect: 80%)
The black bear writhes in agony.
The black bear bites you!
Ouch! That really hurt!
* * * LOW HITPOINT WARNING * * *
The black bear claws you.
* * * LOW HITPOINT WARNING * * *
The black bear closely misses you. The quokka bites you.
You die...

### ######<###
....#....##
...........##
............#
###
...#.......##
#.... .#
#...#..###......
#...#...........
#...#..@.##.###.
#...###hr.#
#.... ...K...
#........#....#
#.....#####.#
#..... ..#
#.#... ## ......


You could see a black bear (berserk, very poisoned), a quokka and a kobold.

Vanquished Creatures
  Robin (D:2)
  4 adders (D:3)
  A ribbon worm (D:2)
  2 dart slugs
  2 orcs (D:3)
  2 bats (D:1)
  4 endoplasms
  3 giant cockroaches (D:3)
  7 goblins
  6 hobgoblins
  A kobold (D:1)
  3 quokkas
  2 ball pythons
  2 frilled lizards
  3 rats
43 creatures vanquished.

Vanquished Creatures (collateral kills)
  An endoplasm (D:2)
  3 goblins (D:2)
  A hobgoblin (D:1)
  A ball python (D:1)
6 creatures vanquished.

Grand Total: 49 creatures vanquished

Notes
Turn   | Place    | Note
-------+----------+-------------------------------------------
     0 | D:1      | spaghetti the Vine Stalker Necromancer began the quest for
                  | the Orb.
     0 | D:1      | Reached XP level 1. HP: 9/9 MP: 4/4
   294 | D:1      | Reached XP level 2. HP: 10/13 MP: 0/6
   947 | D:2      | Found a faded altar of an unknown god.
   960 | D:2      | Reached XP level 3. HP: 16/16 MP: 2/7
  1281 | D:2      | Reached skill level 5 in Necromancy
  1295 | D:2      | Noticed Robin
  1310 | D:2      | Killed Robin
  1661 | D:2      | Found a radiant altar of Vehumet.
  1665 | D:2      | Noticed Sigmund
  1684 | D:3      | Reached XP level 4. HP: 21/21 MP: 2/8
  1851 | D:3      | Learned a level 4 spell: Animate Dead
  2480 | D:3      | Found a radiant altar of Vehumet.
  2799 | D:4      | Noticed a black bear
  2810 | D:4      | Slain by a quokka

Illustrated notes

Levels and vault maps discovered:
D:1:      minmay_arrival_five_plusses, layout_basic
D:2:      layout_basic, shapermc_ecumenical_altar_rom_forum, basic_altar,
          minmay_statues_item, minivault_5, uniq_sigmund, uniq_robin
D:3:      layout_rooms, mainiacjoe_overflow_catwalk
D:4:      due_chaos_kobolds, layout_cave_pools, marbit_many_paths, minitemple,
          biasface_ghost_orc_armoury

Skill      XL: |  1  2  3  4 |
---------------+-------------+-----
Necromancy     | 5 |  5.6
Spellcasting   | 3 |  3.1
Dodging        | |  1.5
Stealth        | |  2.4

Action                     |  1- 3 |  4- 6 || total
---------------------------+-------+-------++-------
  Melee: Unarmed           |    26 |       ||    26
         Bite              |     9 |     2 ||    11
         Dagger            |     2 |     6 ||     8
   Cast: Necrotise         |    62 |    39 ||   101
         Animate Dead      |       |     6 ||     6
    Use: Potion            |     3 |       ||     3
         Scroll            |     1 |       ||     1
 Armour: Robe              |    23 |       ||    23
         Animal skin       |     4 |    16 ||    20
  Dodge: Dodged            |    24 |     8 ||    32
